 Dungeon Crawl Stone Soup version 0.29-a0-271-gd4eb659eea (webtiles) character file.

Game seed: 13759215778094432114

147644 paterick123 the Warlock (level 17, -1/133 HPs)
             Began as a Gnoll Conjurer on Mar 8, 2022.
             Was a High Priest of Vehumet.
             Hit by a silver javelin thrown by a merfolk javelineer (19 damage)
             ... on level 3 of the Shoals on Mar 9, 2022.
             The game lasted 03:00:26 (44781 turns).

paterick123 the Warlock (Gnoll Conjurer)           Turns: 44781, Time: 03:00:27

Health: -1/133     AC: 18    Str:  4    XL:     17   Next: 47%
Magic:  4/42       EV: 20    Int: 37    God:    Vehumet [*****.]
Gold:   892        SH: 15    Dex: 19    Spells: 0/41 levels left

rFire   + . .      SeeInvis +   k - staff of conjuration
rCold   . . .      Faith    .   q - +2 buckler of Beogh's Favour {+Inv MP+9 Int+5 Stlth-}
rNeg    + + .      Spirit   .   p - +1 robe of the Other Side {Int+4}
rPois   +          Reflect  +   R - +4 hat "Qatzaf" {rPois rN++ Regen+ Str-2}
rElec   .          Harm     .   E - +2 cloak {rCorr}
rCorr   +          Rampage  +   K - +2 pair of gloves {rF+}
Will    +++..                   O - +2 pair of boots {rampage}
Stlth   +++++.....              a - amulet of the Demonic Cherry {Reflect Int+4 SH+5}
HPRegen 1.12/turn               C - +6 ring of dexterity
MPRegen 0.28/turn               X - ring of Ununn {rPois Will++ SInv Stlth+}

@: swift, studying Earth Magic, quick
A: fangs 1, strong nose, distributed training
a: Renounce Religion, Evoke Invisibility


You were on level 3 of the Shoals.
You worshipped Vehumet.
Vehumet was extremely pleased with you.
You visited 4 branches of the dungeon, and saw 26 of its levels.
You also visited: Sewer, Bailey and Ice Cave.

You collected 3996 gold pieces.
You spent 3104 gold pieces at shops.

Inventory:

Missiles
 S - a throwing net
 V - 6 boomerangs of dispersal
 Y - 9 silver javelins
Armour
 h - +0 gold dragon scales
 p - the +1 robe of the Other Side (worn) {Int+4}
   (You found it on level 3 of the Dungeon)

   Int:       It affects your intelligence (+4).
 q - the +2 buckler of Beogh's Favour (worn) {+Inv MP+9 Int+5 Stlth-}
   (You acquired it on level 3 of the Dungeon)

   Int:       It affects your intelligence (+5).
   MP:        It affects your magic capacity (+9).
   +Inv:      It lets you turn invisible.
   Stlth:     It makes you less stealthy.
 E - a +2 cloak of preservation (worn)
 K - a +2 pair of gloves of fire resistance (worn)
 O - a +2 pair of boots of rampaging (worn)
 R - the +4 hat "Qatzaf" (worn) {rPois rN++ Regen+ Str-2}
   (You found it on level 1 of the Orcish Mines)

   Str:       It affects your strength (-2).
   rPois:     It protects you from poison.
   rN:        It greatly protects you from negative energy.
   Regen:     It increases your rate of health regeneration.
Magical Staves
 k - a staff of conjuration (weapon)
Jewellery
 a - the amulet of the Demonic Cherry (around neck) {Reflect Int+4 SH+5}
   (You acquired it on level 5 of the Lair of Beasts)

   [amulet of reflection]

   It reflects blocked missile attacks.
   Int:       It affects your intelligence (+4).
   SH:        It affects your SH (+5).
 b - a +6 ring of intelligence
 g - a ring of ice
 t - a ring of fire
 v - a +6 ring of dexterity
 C - a +6 ring of dexterity (left hand)
 J - a ring of protection from cold
 W - a ring of flight
 X - the ring of Ununn (right hand) {rPois Will++ SInv Stlth+}
   (You bought it in a shop on level 11 of the Dungeon)

   [ring of see invisible]

   rPois:     It protects you from poison.
   SInv:      It lets you see invisible.
   Will:      It greatly increases your willpower.
   Stlth:     It makes you more stealthy.
Wands
 u - a wand of flame (25)
 w - a wand of iceblast (16)
 H - a wand of mindburst (14)
 N - a wand of polymorph (12)
 P - a wand of charming (15)
 Q - a wand of paralysis (8)
 Z - a wand of digging (6)
Scrolls
 l - 4 scrolls of fog
 m - 2 scrolls of blinking
 n - 4 scrolls of fear
 y - a scroll of magic mapping
 z - a scroll of holy word
 A - a scroll of silence
 D - 6 scrolls of enchant weapon
 G - 7 scrolls of teleportation
 M - a scroll of brand weapon
 T - a scroll of amnesia
Potions
 c - 6 potions of brilliance
 d - 6 potions of attraction
 e - 14 potions of curing
 f - 7 potions of heal wounds
 i - 2 potions of flight
 j - 8 potions of might
 o - 5 potions of resistance
 r - 3 potions of invisibility
 s - 5 potions of haste
 x - 5 potions of mutation
 B - 5 potions of lignification
 F - 5 potions of ambrosia
 I - 2 potions of berserk rage
 L - a potion of cancellation
Miscellaneous
 U - a box of beasts


   Skills:
 + Level 11.7 Fighting
 + Level 11.7 Short Blades
 + Level 11.7 Long Blades
 + Level 11.7 Axes
 + Level 11.7 Maces & Flails
 + Level 11.7 Polearms
 + Level 11.7 Staves
 + Level 11.7 Slings
 + Level 11.7 Bows
 + Level 11.7 Crossbows
 + Level 11.7 Throwing
 + Level 11.7 Armour
 + Level 12.5 Dodging
 + Level 12.4 Stealth
 + Level 11.7 Shields
 + Level 11.7 Unarmed Combat
 + Level 12.7 Spellcasting
 + Level 12.1 Conjurations
 + Level 9.9 Hexes
 + Level 9.9 Summonings
 + Level 9.9 Necromancy
 + Level 9.9 Translocations
 + Level 9.9 Transmutations
 + Level 9.9 Fire Magic
 + Level 9.9 Ice Magic
 + Level 9.9 Air Magic
 + Level 10.6 Earth Magic
 + Level 9.9 Poison Magic
 + Level 12.7 Invocations
 + Level 11.7 Evocations


You couldn't memorise any spells.
You knew the following spells:

 Your Spells              Type           Power      Damage    Failure   Level
a - Yara's Violent Unrav  Hex/Tmut       38%        3d15      1%          5
b - Irradiate             Conj/Tmut      51%        3d31      1%          5
c - Borgnjor's Vile Clut  Necr/Erth      39%        N/A       1%          5
d - Dazzling Flash        Conj/Hex       100%       N/A       1%          3
e - Slow                  Hex            100%       N/A       1%          1
f - Fulminant Prism       Conj/Hex       51%        3d23      1%          4
g - Iskenderun's Mystic   Conj/Tloc      100%       2d19      1%          4
h - Airstrike             Air            38%        N/A       1%          4
i - Swiftness             Air            77%        N/A       1%          3
j - Orb of Destruction    Conj           53%        9d13      3%          7

Your spell library contained the following spells:

 Spells                   Type           Power      Damage    Failure   Level
 Ignition                 Fire           38%        3d11      45%         8
 Magic Dart               Conj           100%       1d8       0%          1
 Shock                    Conj/Air       100%       1d9       0%          1
 Searing Ray              Conj           100%       2d8       0%          2
 Beastly Appendage        Tmut           100%       N/A       1%          1
 Freeze                   Ice            100%       1d11      1%          1
 Summon Small Mammal      Summ           100%       N/A       1%          1
 Blink                    Tloc           100%       N/A       1%          2
 Call Imp                 Summ           77%        N/A       1%          2
 Ensorcelled Hibernation  Hex/Ice        100%       N/A       1%          2
 Passwall                 Tmut/Erth      65%        N/A       1%          2
 Sublimation of Blood     Necr           77%        N/A       1%          2
 Wereblood                Tmut           77%        N/A       1%          2
 Call Canine Familiar     Summ           77%        N/A       1%          3
 Confusing Touch          Hex            77%        N/A       1%          3
 Conjure Flame            Conj/Fire      100%       6-21      1%          3
 Frozen Ramparts          Ice            100%       1d12      1%          3
 Gell's Gravitas          Tloc           77%        N/A       1%          3
 Ignite Poison            Fire/Tmut/Pois 77%        N/A       1%          3
 Lesser Beckoning         Tloc           77%        N/A       1%          3
 Mephitic Cloud           Conj/Pois/Air  100%       N/A       1%          3
 Spider Form              Tmut/Pois      77%        N/A       1%          3
 Summon Guardian Golem    Hex/Summ       77%        N/A       1%          3
 Teleport Other           Tloc           77%        N/A       1%          3
 Ice Form                 Ice/Tmut       77%        N/A       1%          4
 Leda's Liquefaction      Hex/Erth       39%        N/A       1%          4
 Olgreb's Toxic Radiance  Pois           77%        N/A       1%          4
 Petrify                  Tmut/Erth      79%        N/A       1%          4
 Sticky Flame             Conj/Fire      100%       2d11      1%          4
 Summon Ice Beast         Ice/Summ       77%        N/A       1%          4
 Blade Hands              Tmut           38%        N/A       1%          5
 Lee's Rapid Deconstruct  Erth           40%        3d21*     1%          5
 Manifold Assault         Tloc           77%        N/A       1%          5
 Dispersal                Tloc           38%        N/A       4%          6
 Statue Form              Tmut/Erth      52%        N/A       4%          6
 Dragon Form              Tmut           38%        N/A       28%         7
 Enfeeble                 Hex            38%        N/A       28%         7
 Malign Gateway           Summ/Tloc      38%        N/A       28%         7
 Storm Form               Tmut/Air       38%        N/A       28%         7
 Lehudib's Crystal Spear  Conj/Erth      52%        10d12     30%         8
 Summon Horrible Things   Summ           38%        N/A       91%         8
 Shatter                  Erth           40%        3d31*     99%         9


Dungeon Overview and Level Annotations

Branches:
Dungeon (15/15)            Temple (0/1) D:4            Lair (6/6) D:9
 Shoals (3/4) Lair:4        Snake (0/4) Lair:4        Slime (0/5) Lair:6
    Orc (2/2) D:10            Elf (0/3) Orc:2        Vaults (0/5) D:13
 Depths (0/4) D:15          Sewer (visited)          Bailey (visited)
  IceCv (visited)

Altars:
Ashenzari
Fedhas
Gozag
Nemelex Xobeh
Okawaru
Ru
Trog
Uskayaw
Vehumet
Xom
Beogh
Jiyva

Shops:
D:9 *   D:11 =*   Orc:1 [[(*   Orc:2 :(*[:   Shoals:2 ?

Annotations:
Lair:1 2 transporters, riojii's ghost, journeyman DjFE
Shoals:3 Ilsuiw
Orc:1 3 runed translucent doors, Vemmageo's ghost, journeyman MiMo


Innate Abilities, Weirdness & Mutations

You have very sharp teeth.
Your uncanny sense of smell can sniff out nearby items.
Your experience applies equally to all skills.


Message History

The merfolk javelineer is knocked back by the mystic blast.
The mystic blast hits the merfolk impaler!
The merfolk impaler is heavily wounded.
The merfolk impaler is knocked back by the mystic blast.
Ilsuiw casts a spell.
Casting: Iskenderun's Mystic Blast (safe; 1% risk of failure)
Confirm with . or Enter, or press ? or * to list all spells.
Aiming: Airstrike (safe; 1% risk of failure)
Press: ? - help, Dir - move target, f/p - Ilsuiw
Aim: Ilsuiw, wielding a +3 trident of freezing and wearing a +0 robe of the Archmagi (water, almost dead, slightly transparent, empty space bonus: 6/8)
The air twists around and strikes Ilsuiw!
Ilsuiw is almost dead.
The merfolk javelineer throws a silver javelin.
The silver javelin pierces through you!
Unknown command.
Unknown command.
Casting: Airstrike (safe; 1% risk of failure)
Confirm with . or Enter, or press ? or * to list all spells.
You feel quick.
The merfolk javelineer throws a silver javelin.
The silver javelin pierces through you!
Unknown command.
The merfolk javelineer throws a silver javelin.
The silver javelin pierces through you!!
You block the merfolk impaler's attack. x2
The merfolk javelineer throws a silver javelin.
The silver javelin pierces through you!
The merfolk impaler hits you from afar with a +0 trident.
The merfolk javelineer throws a silver javelin.
The silver javelin pierces through you!
* * * LOW HITPOINT WARNING * * *
x2
Press: ? - help, v - describe, . - travel The floor, spattered with blood.
As you read the scroll of fog, it crumbles to dust.
The scroll dissolves into smoke.
The merfolk impaler hits you from afar with a +0 trident!
* * * LOW HITPOINT WARNING * * *
The merfolk javelineer throws a silver javelin.
The silver javelin pierces through you!!
You die...

≈≈≈≈≈≈≈≈≈≈≈≈..PP.P≈≈≈≈≈≈≈≈≈≈≈≈≈≈.
≈≈≈≈≈≈≈≈≈≈≈≈..P##..P≈≈≈≈≈≈≈≈≈≈≈≈.
≈≈≈≈≈≈≈≈≈≈≈≈..###....≈≈≈≈≈≈≈≈≈≈≈.
≈≈≈≈≈≈≈≈≈≈≈≈..#...E≈≈≈≈≈≈≈≈≈≈≈≈≈≈
≈≈≈≈≈≈≈≈≈≈≈..##..≈≈≈≈≈≈≈≈≈≈≈≈≈≈≈≈
≈≈≈≈≈≈≈≈≈≈...##.m≈E≈≈≈≈≈≈≈≈≈≈≈≈≈≈
≈≈≈≈≈≈≈≈≈≈.#####.m≈≈≈≈≈≈≈≈≈≈≈≈≈≈≈
≈≈≈≈≈≈≈≈...# #E§≈≈≈≈≈≈≈≈≈≈≈≈≈≈≈
≈≈≈≈≈≈≈≈...# ##@§≈≈≈≈m≈≈≈≈≈≈≈≈≈≈
≈≈≈≈≈≈≈...## ##§§§≈≈≈≈≈≈≈≈≈≈≈≈≈≈≈
..≈≈≈≈....)###§...≈≈≈≈≈≈≈≈≈≈≈≈≈≈≈
..≈≈≈≈≈.≈≈..#.......≈.≈≈≈≈≈≈≈≈≈≈≈
..≈≈≈≈≈.≈≈≈...≈....≈≈≈≈≈≈≈≈≈≈≈≈≈≈
..≈≈≈≈≈...≈≈≈.≈≈≈..≈≈≈≈≈≈≈≈≈≈≈≈≈≈
...≈≈≈≈.......≈≈≈≈≈≈≈≈≈≈≈≈≈≈≈≈≈≈≈
.≈≈≈≈....≈....)≈≈≈≈≈≈≈≈≈≈≈≈≈≈≈≈≈≈
[..≈..#........≈≈≈≈≈≈≈^.≈≈≈≈≈≈≈≈≈


You could see Ilsuiw (invisible), a merfolk impaler, a merfolk javelineer and 3
water elementals.

Vanquished Creatures
  Nikola (Shoals:3)
  Rupert (D:13)
  Gastronok (Lair:2)
  Kirke (D:13)
  A frost giant (IceCv)
  2 orc warlords
  3 entropy weavers (Lair:5)
  2 dire elephants (Lair:6)
  A merfolk javelineer (Shoals:3)
  Fannar (Lair:3)
  Harold (Lair:2)
  4 boulder beetles
  7 hydras
  4 merfolk aquamancers
  A catoblepas (Lair:6)
  Erica (Orc:1)
  10 two-headed ogres
  4 ghost crabs (Lair:5)
  A merfolk avatar (Lair:6)
  3 centaur warriors
  A tengu warrior (D:13)
  2 death knights
  8 death yaks
  5 orc high priests
  Nergalle (Lair:4)
  5 fire crabs (Lair:5)
  Lodul (D:13)
  A skeletal warrior (D:13)
  4 sea snakes
  8 orc knights
  An orange crystal statue (D:13)
  A wolf spider zombie (D:15)
  15 harpies
  A deep elf zephyrmancer (Orc:1)
  A necromancer (D:15)
  A lindwurm (Lair:5)
  2 wizards (D:15)
  6 ugly things (D:15)
  4 deep elf pyromancers
  A phantasmal warrior (D:13)
  2 cyclopes
  6 fauns
  5 orc sorcerers
  10 manticores
  11 elephants
  An apocalypse crab (Lair:5)
  An ice statue (IceCv)
  7 merfolk sirens
  The ghost of hgbash the Digger, a novice GrEE (D:5)
  A black mamba (Lair:5)
  4 water nymphs
  2 centaur zombies (D:15)
  A gargoyle (D:13)
  2 unseen horrors
  9 rime drakes
  A kobold demonologist (D:7)
  4 torpor snails
  15 cane toads
  2 freezing wraiths (D:13)
  4 yaktaurs (D:15)
  9 komodo dragons
  A tengu conjurer (D:15)
  6 polar bears
  8 trolls
  3 wind drakes
  18 merfolk
  A tarantella (shapeshifter) (D:13)
  6 hornets
  8 snapping turtles
  4 dream sheep (Lair:4)
  16 blink frogs
  20 slime creatures
  A centaur simulacrum (D:15)
  8 water elementals
  2 shadows
  3 wyverns
  2 hogs (D:13)
  3 basilisks
  59 yaks
  16 humans (D:13)
  2 steam dragons
  3 nagas (Lair:4)
  9 vampire mosquitoes
  8 wargs
  2 acid dragons
  20 water moccasins
  Duvessa (D:4)
  2 swamp drakes
  51 orc warriors
  5 black bears
  2 ice beasts
  20 wolves
  9 ogres
  6 centaurs
  4 boggarts (D:15)
  2 kobold brigands
  9 bullfrogs
  2 scorpions
  Dowan (D:4)
  3 wights (D:10)
  4 killer bees (D:10)
  A howler monkey (D:10)
  4 electric eels
  3 jellies (D:6)
  3 lava snakes (D:13)
  A crimson imp (Orc:1)
  10 hounds
  31 orc priests
  Crazy Yiuf (D:7)
  An iron imp (Orc:1)
  Ijyb (D:4)
  7 iguanas
  36 orc wizards
  11 adders
  3 river rats (D:6)
  3 shadow imps
  3 white imps
  2 ufetubi (D:5)
  2 dart slugs
  123 orcs
  13 endoplasms
  10 giant cockroaches
  9 goblins
  5 hobgoblins
  4 jackals (D:3)
  14 kobolds
  11 quokkas
  16 ball pythons
  8 bats
  10 frilled lizards
  5 rats
918 creatures vanquished.

Vanquished Creatures (collateral kills)
  The ghost of Remav the Prestidigitator, an adept GnAr of the Shining One (D:12)
  A water moccasin (Lair:6)
2 creatures vanquished.

Vanquished Creatures (others)
  3 harpies (Shoals:3)
  3 humans (D:13)
  A vampire mosquito (D:13)
  2 orcs (Orc:1)
  4 bushes (Lair:5)
  163 fulminant prisms
  46 fungi
  149 plants
371 creatures vanquished.

Grand Total: 1291 creatures vanquished

Notes
Turn   | Place    | Note
-------+----------+-------------------------------------------
     0 | D:1      | paterick123 the Gnoll Conjurer began the quest for the Orb.
     0 | D:1      | Reached XP level 1. HP: 13/13 MP: 6/6
    74 | D:1      | You fall into a shaft and drop 1 floor!
   197 | D:2      | Reached XP level 2. HP: 15/20 MP: 2/7
   451 | D:1      | Found a faded altar of an unknown god.
   469 | D:1      | Prayed at the altar of an unknown god.
   469 | D:1      | Became a worshipper of Vehumet
   469 | D:1      | Reached * piety under Vehumet
   469 | D:1      | Offered knowledge of Shock by Vehumet.
   472 | D:1      | Learned a level 1 spell: Shock
   475 | D:1      | Learned a level 2 spell: Searing Ray
   651 | D:1      | Reached XP level 3. HP: 25/25 MP: 7/9
  1078 | D:2      | Reached skill level 5 in Spellcasting
  1662 | D:2      | Reached skill level 1 in Invocations
  2019 | D:3      | Reached skill level 1 in Fighting
  2019 | D:3      | Reached skill level 1 in Short Blades
  2019 | D:3      | Reached skill level 1 in Long Blades
  2019 | D:3      | Reached skill level 1 in Axes
  2019 | D:3      | Reached skill level 1 in Maces & Flails
  2019 | D:3      | Reached skill level 1 in Polearms
  2019 | D:3      | Reached skill level 1 in Staves
  2019 | D:3      | Reached skill level 1 in Slings
  2019 | D:3      | Reached skill level 1 in Bows
  2019 | D:3      | Reached skill level 1 in Crossbows
  2019 | D:3      | Reached skill level 1 in Throwing
  2019 | D:3      | Reached skill level 1 in Armour
  2019 | D:3      | Reached skill level 1 in Shields
  2019 | D:3      | Reached skill level 1 in Unarmed Combat
  2019 | D:3      | Reached skill level 1 in Evocations
  2046 | D:2      | Reached XP level 4. HP: 10/32 MP: 6/11
  2569 | D:3      | Learned a level 3 spell: Dazzling Flash
  2691 | D:3      | Reached skill level 1 in Hexes
  2691 | D:3      | Reached skill level 1 in Summonings
  2691 | D:3      | Reached skill level 1 in Necromancy
  2691 | D:3      | Reached skill level 1 in Translocations
  2691 | D:3      | Reached skill level 1 in Transmutations
  2691 | D:3      | Reached skill level 1 in Fire Magic
  2691 | D:3      | Reached skill level 1 in Ice Magic
  2691 | D:3      | Reached skill level 1 in Air Magic
  2691 | D:3      | Reached skill level 1 in Earth Magic
  2691 | D:3      | Reached skill level 1 in Poison Magic
  2696 | D:3      | Identified the +1 robe of the Other Side {Int+4}
  2957 | D:3      | Offered knowledge of Static Discharge by Vehumet.
  2979 | D:3      | Identified 2 scrolls of acquirement
  2979 | D:3      | Acquired the Grimoire of Dusty Bewitchment
  2981 | D:3      | Acquired the +2 buckler of Beogh's Favour {+Inv MP+9 Int+5
                  | Stlth-}
  3080 | D:3      | Reached ** piety under Vehumet
  3227 | D:3      | Reached XP level 5. HP: 37/37 MP: 12/12
  3636 | D:4      | Reached XP level 6. HP: 44/44 MP: 13/13
  3732 | D:4      | Reached skill level 5 in Dodging
  3797 | D:4      | Found a staircase to the Ecumenical Temple.
  3799 | D:4      | Noticed Ijyb
  3806 | D:4      | Killed Ijyb
  3899 | D:4      | Offered knowledge of Ignite Poison by Vehumet.
  3902 | D:4      | Learned a level 1 spell: Slow
  4229 | D:4      | Noticed Duvessa
  4230 | D:4      | Noticed Dowan
  4254 | D:4      | Killed Duvessa
  4254 | D:4      | Reached *** piety under Vehumet
  4255 | D:4      | Reached XP level 7. HP: 42/50 MP: 15/15
  4364 | D:4      | Killed Dowan
  4552 | D:5      | Entered Level 5 of the Dungeon
  4605 | D:5      | Found a runed translucent door.
  4606 | D:5      | Noticed hgbash's ghost (novice GrEE)
  4646 | D:5      | Reached skill level 5 in Stealth
  4651 | D:5      | Learned a level 4 spell: Fulminant Prism
  4659 | D:5      | Learned a level 4 spell: Iskenderun's Mystic Blast
  4830 | D:5      | Reached XP level 8. HP: 57/57 MP: 16/16
  5514 | D:6      | Offered knowledge of Inner Flame by Vehumet.
  5631 | D:6      | Reached XP level 9. HP: 65/65 MP: 11/18
  5633 | D:6      | Found a glowing drain.
  5651 | D:6      | Got the Collected Works on the Glacier and Contamination
  5659 | Sewer    | Entered a sewer
  5762 | Sewer    | Reached **** piety under Vehumet
  5824 | Sewer    | Offered knowledge of Airstrike by Vehumet.
  5830 | Sewer    | Learned a level 4 spell: Airstrike
  6932 | D:7      | Found a flagged portal.
  6944 | Bailey   | Entered a bailey
  7426 | Bailey   | Reached skill level 5 in Invocations
  7514 | Bailey   | Noticed an orc knight
  7523 | Bailey   | Killed an orc knight
  7524 | Bailey   | Reached XP level 10. HP: 73/73 MP: 11/20
  7528 | Bailey   | Learned a level 3 spell: Swiftness
  7610 | Bailey   | Noticed an orc knight
  7624 | Bailey   | Killed an orc knight
  7625 | Bailey   | Reached skill level 5 in Fighting
  7625 | Bailey   | Reached skill level 5 in Short Blades
  7625 | Bailey   | Reached skill level 5 in Long Blades
  7625 | Bailey   | Reached skill level 5 in Axes
  7625 | Bailey   | Reached skill level 5 in Maces & Flails
  7625 | Bailey   | Reached skill level 5 in Polearms
  7625 | Bailey   | Reached skill level 5 in Staves
  7625 | Bailey   | Reached skill level 5 in Slings
  7625 | Bailey   | Reached skill level 5 in Bows
  7625 | Bailey   | Reached skill level 5 in Crossbows
  7625 | Bailey   | Reached skill level 5 in Throwing
  7625 | Bailey   | Reached skill level 5 in Armour
  7625 | Bailey   | Reached skill level 5 in Shields
  7625 | Bailey   | Reached skill level 5 in Unarmed Combat
  7625 | Bailey   | Reached skill level 5 in Evocations
  7746 | Bailey   | Noticed an orc knight
  7768 | Bailey   | Killed an orc knight
  7983 | D:7      | Noticed a kobold demonologist
  7988 | D:7      | Killed a kobold demonologist
  8141 | D:7      | Found a runed translucent door.
  8142 | D:7      | Noticed Crazy Yiuf
  8147 | D:7      | Killed Crazy Yiuf
  8642 | D:7      | Reached ***** piety under Vehumet
  9139 | D:8      | Offered knowledge of Starburst by Vehumet.
  9264 | D:8      | Killed an unseen horror
 10515 | D:9      | Reached XP level 11. HP: 70/81 MP: 16/22
 10767 | D:9      | Reached skill level 5 in Hexes
 10767 | D:9      | Reached skill level 5 in Summonings
 10767 | D:9      | Reached skill level 5 in Necromancy
 10767 | D:9      | Reached skill level 5 in Translocations
 10767 | D:9      | Reached skill level 5 in Transmutations
 10767 | D:9      | Reached skill level 5 in Fire Magic
 10767 | D:9      | Reached skill level 5 in Ice Magic
 10767 | D:9      | Reached skill level 5 in Air Magic
 10767 | D:9      | Reached skill level 5 in Earth Magic
 10767 | D:9      | Reached skill level 5 in Poison Magic
 11122 | D:9      | Found a staircase to the Lair.
 11508 | D:9      | Found Vienofy's Assorted Antiques.
 11514 | D:9      | Bought a green potion for 27 gold pieces
 11514 | D:9      | Bought a scroll labelled JUTEISM RAOTA for 31 gold pieces
 11907 | D:9      | Noticed an eight-headed hydra
 11914 | D:9      | Killed an eight-headed hydra
 11916 | D:9      | Offered knowledge of Sticky Flame by Vehumet.
 12014 | D:9      | Found the +1 robe of Vines {NoPotionHeal Regen++++}
 12118 | D:9      | Found a shimmering altar of Xom.
 12119 | D:9      | Found an opulent altar of Gozag.
 12119 | D:9      | Found a blossoming altar of Fedhas.
 12119 | D:9      | Found a sacrificial altar of Ru.
 12122 | D:9      | Found a broken altar of Ashenzari.
 12123 | D:9      | Found a sparkling altar of Nemelex Xobeh.
 12124 | D:9      | Found a hide-covered altar of Uskayaw.
 12154 | D:10     | Entered Level 10 of the Dungeon
 12171 | D:10     | Acquired 981 gold pieces
 12213 | D:10     | Noticed a two-headed ogre
 12221 | D:10     | Killed a two-headed ogre
 12630 | D:10     | Noticed a two-headed ogre
 12638 | D:10     | Killed a two-headed ogre
 13131 | D:10     | Found a staircase to the Orcish Mines.
 13943 | D:11     | Noticed a death knight
 13979 | Lair:1   | Entered Level 1 of the Lair of Beasts
 14200 | Lair:1   | Noticed a boulder beetle
 14210 | Lair:1   | Killed a boulder beetle
 14211 | Lair:1   | Reached XP level 12. HP: 89/89 MP: 11/24
 14815 | Lair:1   | Found a transporter.
 14821 | Lair:1   | Noticed riojii's ghost (journeyman DjFE)
 14823 | Lair:1   | Found a transporter.
 14829 | Lair:1   | Found a bloodstained altar of Trog.
 15136 | D:5      | Killed hgbash's ghost
 15253 | D:9      | Bought a pair of runed gloves for 232 gold pieces
 15694 | Lair:2   | Noticed Gastronok
 15694 | Lair:2   | Noticed a six-headed hydra
 15725 | Lair:2   | Killed a six-headed hydra
 15879 | Lair:2   | Noticed Harold
 15885 | Lair:2   | Killed Harold
 16018 | Lair:2   | Killed Gastronok
 16811 | Lair:3   | Noticed Fannar
 16821 | Lair:3   | Killed Fannar
 17065 | Lair:3   | Reached XP level 13. HP: 98/98 MP: 20/26
 17221 | Lair:3   | Offered knowledge of Orb of Destruction by Vehumet.
 17966 | Lair:3   | Upgraded the game from 0.29-a0-270-g1586fc07ea to
                  | 0.29-a0-271-gd4eb659eea
 18527 | Lair:4   | Found a staircase to the Shoals.
 18691 | Lair:4   | Learned a level 5 spell: Yara's Violent Unravelling
 18737 | Lair:4   | Found a staircase to the Snake Pit.
 18970 | Lair:4   | Noticed Nergalle
 18977 | Lair:4   | Killed Nergalle
 19275 | Lair:5   | Reached skill level 10 in Conjurations
 19566 | Lair:5   | Acquired the amulet of the Demonic Cherry {Reflect Int+4
                  | SH+5}
 19653 | Lair:5   | Found a runed translucent door.
 20100 | Lair:5   | Reached skill level 10 in Spellcasting
 21318 | Lair:5   | Noticed an entropy weaver
 22098 | Lair:5   | Killed an entropy weaver
 22472 | Lair:5   | Reached skill level 10 in Dodging
 22472 | Lair:5   | Reached XP level 14. HP: 99/106 MP: 28/28
 22494 | Lair:5   | Noticed an entropy weaver
 22500 | Lair:5   | Killed an entropy weaver
 22621 | Lair:5   | Noticed an entropy weaver
 22781 | Lair:5   | Killed an entropy weaver
 22997 | Lair:5   | Reached skill level 10 in Stealth
 23004 | Lair:5   | Identified the amulet "Xemi" {Reflect rF+ Str+2 SH+5}
 23134 | Lair:6   | Entered Level 6 of the Lair of Beasts
 23279 | Lair:6   | Noticed a dire elephant
 23443 | Lair:6   | Reached skill level 10 in Invocations
 23467 | Lair:6   | Found a frozen archway.
 23511 | IceCv    | Entered an ice cave
 23829 | IceCv    | Learned a level 7 spell: Orb of Destruction
 24486 | IceCv    | Noticed a frost giant
 24498 | IceCv    | Killed a frost giant
 24591 | IceCv    | Offered knowledge of Lightning Bolt by Vehumet.
 25285 | Lair:6   | Killed a dire elephant
 25286 | Lair:6   | Found a hide-covered altar of Uskayaw.
 25333 | Lair:6   | HP: 5/108 [barbs]
 26018 | Lair:6   | Reached XP level 15. HP: 103/115 MP: 4/29
 26809 | Lair:6   | Found a viscous altar of Jiyva.
 26811 | Lair:6   | Found a staircase to the Slime Pits.
 27129 | Lair:6   | Identified the +6 halberd of Afadyff {venom, rPois}
 27736 | D:11     | Reached skill level 10 in Fighting
 27736 | D:11     | Reached skill level 10 in Short Blades
 27736 | D:11     | Reached skill level 10 in Long Blades
 27736 | D:11     | Reached skill level 10 in Axes
 27736 | D:11     | Reached skill level 10 in Maces & Flails
 27736 | D:11     | Reached skill level 10 in Polearms
 27736 | D:11     | Reached skill level 10 in Staves
 27736 | D:11     | Reached skill level 10 in Slings
 27736 | D:11     | Reached skill level 10 in Bows
 27736 | D:11     | Reached skill level 10 in Crossbows
 27736 | D:11     | Reached skill level 10 in Throwing
 27736 | D:11     | Reached skill level 10 in Armour
 27736 | D:11     | Reached skill level 10 in Shields
 27736 | D:11     | Reached skill level 10 in Unarmed Combat
 27736 | D:11     | Reached skill level 10 in Evocations
 27797 | D:11     | Found Joini's Jewellery Boutique.
 27805 | D:11     | Bought the ring of Ununn {rPois Will++ SInv Stlth+} for 523
                  | gold pieces
 28516 | D:11     | Found Ytocsad's Fire Supplies.
 28536 | D:11     | Bought a +2 pair of gloves of fire resistance for 365 gold
                  | pieces
 30329 | D:13     | Noticed Rupert
 30329 | D:13     | Found a gate to the Vaults.
 30337 | D:13     | Killed Rupert
 30836 | D:13     | Found a runed translucent gate.
 30836 | D:13     | Found a runed translucent gate.
 30836 | D:13     | Found a runed translucent gate.
 30839 | D:13     | Noticed Remav's ghost (adept GnAr)
 30953 | D:13     | Noticed Lodul
 30955 | D:13     | Offered knowledge of Freezing Cloud by Vehumet.
 30956 | D:13     | Killed Lodul
 31348 | D:13     | Noticed Kirke
 31363 | D:13     | Killed Kirke
 31508 | D:13     | Reached XP level 16. HP: 110/123 MP: 25/31
 32008 | D:12     | Killed Remav's ghost
 32528 | Orc:1    | Entered Level 1 of the Orcish Mines
 32556 | Orc:1    | Found Azemo's Armour Emporium.
 32609 | Orc:1    | Found Xaoso's Antique Armour Boutique.
 32639 | Orc:2    | Entered Level 2 of the Orcish Mines
 32639 | Orc:2    | Found a staircase to the Elven Halls.
 32816 | Orc:1    | Found Denamoa's Antique Weapon Boutique.
 32824 | Orc:1    | Noticed Erica
 32842 | Orc:1    | Killed Erica
 33077 | Orc:1    | Offered knowledge of Ozocubu's Refrigeration by Vehumet.
 33734 | Orc:1    | Identified the +4 hat "Qatzaf" {rPois rN++ Regen+ Str-2}
 34278 | Orc:2    | Found Baom's Self-Improvement Boutique.
 34374 | Orc:1    | Found a shimmering altar of Xom.
 34379 | Orc:1    | Found Wofraipn's Mass Market.
 34517 | Orc:1    | Found a runed translucent gate.
 34517 | Orc:1    | Found a runed translucent gate.
 34518 | Orc:1    | Found a runed translucent gate.
 34554 | Orc:1    | Noticed Vemmageo's ghost (journeyman MiMo)
 34558 | Orc:1    | Identified the +1 ring mail of the Gusle {rCorr Str+6
                  | Slay-2 SInv}
 34561 | Orc:1    | Found an iron altar of Okawaru.
 34611 | Orc:2    | Bought a manual of Earth Magic for 1120 gold pieces
 36809 | Orc:2    | Found Cuilloym's General Store.
 36810 | Orc:2    | Found Iripho Nomo's Book Shop.
 36812 | Orc:2    | Found Pesucupa's Antique Armour Boutique.
 36812 | Orc:2    | Found Peshyg's Antique Weapon Boutique.
 36817 | Orc:2    | Bought a scroll of fear for 49 gold pieces
 36817 | Orc:2    | Bought a wand of digging (6) for 280 gold pieces
 36817 | Orc:2    | Bought a potion of resistance for 140 gold pieces
 36817 | Orc:2    | Bought a scroll of amnesia for 49 gold pieces
 37160 | D:13     | Learned a level 5 spell: Borgnjor's Vile Clutch
 38209 | D:15     | Entered Level 15 of the Dungeon
 39471 | D:15     | Found a staircase to the Depths.
 39689 | D:15     | Found a blossoming altar of Fedhas.
 40136 | Shoals:1 | Entered Level 1 of the Shoals
 40754 | Shoals:1 | Reached skill level 10 in Earth Magic
 41201 | Shoals:1 | Reached XP level 17. HP: 126/131 MP: 33/33
 41302 | Shoals:1 | Offered knowledge of Ignition by Vehumet.
 41335 | Shoals:1 | You fall into a shaft and drop 1 floor!
 41335 | Shoals:2 | Found Pazaucoa's Magic Scroll Shop.
 41464 | Shoals:2 | Bought a scroll of magic mapping for 56 gold pieces
 41464 | Shoals:2 | Bought a scroll of fog for 32 gold pieces
 41464 | Shoals:2 | Bought a scroll of fog for 32 gold pieces
 41464 | Shoals:2 | Bought a scroll of blinking for 120 gold pieces
 41464 | Shoals:2 | Bought a scroll of teleportation for 48 gold pieces
 42631 | Shoals:3 | Noticed Nikola
 42640 | Shoals:3 | Killed Nikola
 43849 | Shoals:3 | Learned a level 5 spell: Irradiate
 44368 | Shoals:3 | Noticed Ilsuiw
 44781 | Shoals:3 | Hit by a silver javelin thrown by a merfolk javelineer

Illustrated notes

Levels and vault maps discovered:
D:1:      dpeg_arrival_circle_labyrinth_a, layout_basic,
          hellmonk_ecumenical_altar_zigzags
D:2:      layout_loops_corners, hangedman_decor_lopped,
          minmay_fractal_squares_gapless_5
D:3:      layout_loops_corners, kennysheep_cross_room, minmay_tree_intersection,
          st_stairs_7, grunt_ministairs_9
D:4:      layout_rooms, minmay_temple_entry_statues_pillars, uniq_duvessa,
          uniq_ijyb
D:5:      layout_loops_ring, hellmonk_ghost_happy_afterlife,
          eino_small_chamber_without_monster, grunt_decor_junction
D:6:      layout_gridville, portal_sewer_entry_a, st_stairs_2
D:7:      layout_basic, enter_bailey_5, kennysheep_generic_room_10,
          uniq_crazy_yiuf_cottage
D:8:      layout_basic
D:9:      layout_loops_ring, minitemple, erik_lair_island, serial_shops, shop,
          hellmonk_guarded_unrand_vines
D:10:     layout_roguey, erik_orc_1, serial_rivers,
          chequers_serial_rivers_small_a, chequers_serial_rivers_room_a,
          chequers_serial_rivers_marsh, chequers_serial_rivers_large_a
D:11:     layout_gridville, serial_shops, nicolae_shop_stone,
          nicolae_shop_fire_sale [nicolae_sub_dead_trees]
D:12:     layout_cave_pods
D:13:     layout_basic, david_vaults_3, biasface_ghost_orc_armoury,
          disabler_island, uniq_lodul, uniq_kirke
D:14:     layout_irregular_city, palyth_stone_intersect
D:15:     grunt_enter_depths_magical_seal, layout_long_grid, fedhas_altar_4
Lair:1:   layout_hall_layers, gammafunk_ghost_wrathful_warriors,
          nzn_sisyphean_effort, grunt_megastairs_3
Lair:2:   layout_small_grid, uniq_gastronok, uniq_harold
Lair:3:   layout_regular_city, nzn_random_ring, uniq_fannar
Lair:4:   layout_roguey, elwin_shoals_entry_rooms, guppyfry_snake_entry_garden,
          hangedman_lair_unloving_vines, st_stairs_13, beast_lair_carwin_4,
          infiniplex_staircase_pool_2, serial_bayou_shore_b, uniq_nergalle
Lair:5:   gammafunk_mikee_crab_dinner, layout_loops_ring, wad_woods_river_01,
          serial_bayou_shore_b, infiniplex_staircase_pool
Lair:6:   gammafunk_lair_ancient_temple, layout_hall_layers, slime_altar_1,
          basic_altar, portal_ice_cave_entry_pillars_2,
          chequers_serial_rivers_small_a
Shoals:1: layout_shoals
Shoals:2: layout_shoals, serial_shops, nicolae_square_shop
Shoals:3: layout_shoals, uniq_ilsuiw, uniq_nikola
Orc:1:    layout_caves, basic_altar, lightli_volcano_entry_magma_tube,
          serial_shops, nicolae_diamond_shop, shop, shop,
          gammafunk_ghost_fury_of_okawaru, minmay_shop_mass,
          hangedman_minor_magic, uniq_erica
Orc:2:    st_orc_congregation, layout_diamond_mine, nicolae_shop_self_help

Skill      XL: |  1  2  3  4  5  6  7  8  9 10 11 12 13 14 15 16 17 |
---------------+----------------------------------------------------+-----
Spellcasting   | 5 6 7 8 9 10 11 12 | 12.7
Invocations    | 1 2 3 4 5 6 7 8 9 10 11 12 | 12.7
Fighting       | 1 2 3 4 5 6 7 8 9 10 11 | 11.7
Short Blades   | 1 2 3 4 5 6 7 8 9 10 11 | 11.7
Long Blades    | 1 2 3 4 5 6 7 8 9 10 11 | 11.7
Axes           | 1 2 3 4 5 6 7 8 9 10 11 | 11.7
Maces & Flails | 1 2 3 4 5 6 7 8 9 10 11 | 11.7
Polearms       | 1 2 3 4 5 6 7 8 9 10 11 | 11.7
Staves         | 1 2 3 4 5 6 7 8 9 10 11 | 11.7
Slings         | 1 2 3 4 5 6 7 8 9 10 11 | 11.7
Bows           | 1 2 3 4 5 6 7 8 9 10 11 | 11.7
Crossbows      | 1 2 3 4 5 6 7 8 9 10 11 | 11.7
Throwing       | 1 2 3 4 5 6 7 8 9 10 11 | 11.7
Armour         | 1 2 3 4 5 6 7 8 9 10 11 | 11.7
Shields        | 1 2 3 4 5 6 7 8 9 10 11 | 11.7
Unarmed Combat | 1 2 3 4 5 6 7 8 9 10 11 | 11.7
Evocations     | 1 2 3 4 5 6 7 8 9 10 11 | 11.7
Hexes          | 1 2 3 4 5 6 7 8 9 |  9.9
Summonings     | 1 2 3 4 5 6 7 8 9 |  9.9
Necromancy     | 1 2 3 4 5 6 7 8 9 |  9.9
Translocations | 1 2 3 4 5 6 7 8 9 |  9.9
Transmutations | 1 2 3 4 5 6 7 8 9 |  9.9
Fire Magic     | 1 2 3 4 5 6 7 8 9 |  9.9
Ice Magic      | 1 2 3 4 5 6 7 8 9 |  9.9
Air Magic      | 1 2 3 4 5 6 7 8 9 |  9.9
Earth Magic    | 1 2 3 4 5 6 7 8 10 | 10.6
Poison Magic   | 1 2 3 4 5 6 7 8 9 |  9.9
Dodging        | 5 6 7 8 9 10 11 12 | 12.5
Stealth        | 5 6 7 8 9 10 11 12 | 12.4
Conjurations   | 8 9 10 11 12 | 12.1

Action                   |  1- 3 |  4- 6 |  7- 9 | 10-12 | 13-15 | 16-18 || total
-------------------------+-------+-------+-------+-------+-------+-------++-------
Melee: Whip              |    12 |       |       |       |       |       ||    12
       Bite              |     1 |       |     1 |       |     6 |     6 ||    14
       Punch             |     1 |       |       |       |       |       ||     1
       Staff             |       |     5 |     8 |     4 |    37 |    64 ||   118
 Cast: Magic Dart        |    42 |    31 |     5 |    13 |       |       ||    91
       Shock             |     9 |    55 |    57 |     4 |       |       ||   125
       Searing Ray       |     1 |     9 |    12 |     5 |     6 |     1 ||    34
       Dazzling Flash    |       |     2 |       |     1 |     5 |       ||     8
       Fulminant Prism   |       |       |    25 |    55 |    61 |    23 ||   164
       Slow              |       |       |     2 |     3 |       |       ||     5
       Iskenderun's Myst |       |       |     5 |    42 |   146 |    71 ||   264
       Airstrike         |       |       |    53 |   192 |   345 |   480 ||  1070
       Orb of Destructio |       |       |       |       |    23 |    19 ||    42
       Yara's Violent Un |       |       |       |       |     3 |       ||     3
       Swiftness         |       |       |       |       |     2 |     1 ||     3
       Borgnjor's Vile C |       |       |       |       |       |     8 ||     8
Evoke: Wand              |       |       |       |     4 |    25 |    17 ||    46
       Box of beasts     |       |       |       |       |       |     1 ||     1
  Use: Scroll            |     2 |     5 |     6 |    10 |    16 |     3 ||    42
       Potion            |     1 |       |       |       |     5 |       ||     6
 Stab: Sleeping          |     1 |       |       |       |       |     1 ||     2
       Betrayed ally     |       |       |       |     1 |       |       ||     1
       Distracted        |       |       |       |       |       |     1 ||     1
Armor: Robe              |     5 |     3 |     5 |     4 |    31 |    29 ||    77
Dodge: Dodged            |    16 |    13 |    28 |    34 |    78 |    99 ||   268
Block: Buckler           |       |     7 |    10 |    10 |    71 |   121 ||   219
       Reflection        |       |       |       |       |    12 |    31 ||    43

Table legend: (Time is in decaauts)
 A = Elapsed time spent in this place.
 B = Non-inter-level travel time spent in this place.
 C = Inter-level travel time spent in this place.
 D = Time resting spent in this place.
 E = Time spent auto-exploring this place.
 F = Levels seen in this place.
 G = Mean time per level.
                   A        B        C        D        E       F      G
               +--------+--------+--------+--------+--------+-----+--------+
         Total |  45296 |  42992 |   2304 |  15043 |  22029 |  29 | 1561.9 |
       Dungeon |  20792 |  19265 |   1527 |   5416 |  11557 |  15 | 1386.1 |
          Lair |  12149 |  11598 |    551 |   5306 |   4799 |   6 | 2024.8 |
        Shoals |   4814 |   4665 |    149 |   1594 |   2278 |   3 | 1604.7 |
  Orcish Mines |   4080 |   4004 |     76 |   1289 |   1970 |   2 | 2040.0 |
         Sewer |    784 |    784 |      0 |      5 |    618 |   1 |  784.0 |
        Bailey |   1064 |   1064 |      0 |    399 |    485 |   1 | 1064.0 |
      Ice Cave |   1611 |   1611 |      0 |   1033 |    321 |   1 | 1611.0 |
               +--------+--------+--------+--------+--------+-----+--------+

Top non-repeatable levels by time:
  Lair:5: 4882 daAuts
    D:10: 2505 daAuts
   Orc:2: 2384 daAuts
  Lair:6: 2019 daAuts
     D:8: 1954 daAuts
    D:13: 1917 daAuts
Shoals:3: 1757 daAuts
   Orc:1: 1696 daAuts
Shoals:2: 1618 daAuts
   IceCv: 1611 daAuts
    D:12: 1571 daAuts
    D:15: 1546 daAuts
Shoals:1: 1438 daAuts
     D:2: 1388 daAuts
     D:9: 1388 daAuts
